 Dungeon Crawl Stone Soup version 0.19.5 (webtiles) character file.

2653 wewlad1 the Grappler (level 9, 0/84 HPs)
             Began as a Troll Berserker on May 19, 2017.
             Was an Elder of Trog.
             Slain by a killer bee (4 damage)
             ... on level 7 of the Dungeon on May 22, 2017.
             The game lasted 00:50:15 (5129 turns).

wewlad1 the Grappler (Troll Berserker)              Turns: 5129, Time: 00:50:17

Health: 0/84       AC:  5    Str: 30    XL:     9   Next: 36%
Magic:  8/8        EV: 13    Int:  3    God:    Trog [****..]
Gold:   387        SH:  0    Dex:  9    Spells: 0 memorised, 8 levels left

rFire  . . .     SeeInvis .       - Unarmed
rCold  + . .     Gourm    +     a - +0 animal skin
rNeg   . . .     Faith    .     (no shield)
rPois  .         Spirit   .     (helmet restricted)
rElec  .         Reflect  .     (no cloak)
rCorr  .         Harm     .     (gloves unavailable)
MR     .....                    (boots unavailable)
Stlth  ++........               (no amulet)
                                x - +2 ring of evasion
                                t - ring of protection from cold

@: lethally poisoned (0 -> -1), exhausted
A: unfitting armour, claws 3, fast metabolism 3, gourmand, regeneration 1,
shaggy fur 1, tough skin 2
a: Berserk, Trog's Hand, Brothers in Arms, Burn Spellbooks, Renounce Religion


You were on level 7 of the Dungeon.
You worshipped Trog.
Trog was greatly pleased with you.
You were very hungry.

You visited 1 branch of the dungeon, and saw 7 of its levels.

You collected 387 gold pieces.

Inventory:

Hand Weapons
 u - a +0 giant club
 v - a +1 whip of flaming
Armour
 a - a +0 animal skin (worn)
 A - a +0 plate armour
 B - a +0 leather armour
Jewellery
 t - a ring of protection from cold (left claw)
 x - a +2 ring of evasion (right claw)
Wands
 l - a wand of digging (15/24)
 y - a wand of lightning (3/15)
Scrolls
 d - 2 scrolls of remove curse {unknown}
 e - 2 scrolls of teleportation {unknown}
 i - 3 scrolls of identify
 j - 2 scrolls of recharging {unknown}
 m - 2 scrolls of enchant weapon
 n - a scroll of random uselessness {unknown}
 q - a scroll of magic mapping {unknown}
 r - 2 scrolls of fear
Potions
 c - 2 potions of ambrosia {unknown}
 k - 2 potions of flight {unknown}
 o - a potion of heal wounds {unknown}
 p - 2 potions of invisibility
 s - 3 potions of cancellation
 z - a potion of haste {unknown}
Books
 C - a book of Frost

   Spells                             Type                      Level
   a - Freeze                         Ice                          1
   b - Throw Frost                    Conjuration/Ice              2
   c - Ozocubu's Armour               Charms/Ice                   3
   d - Throw Icicle                   Conjuration/Ice              4
   e - Summon Ice Beast               Ice/Summoning                4
   Trog disapproves of the use of such an item.
Comestibles
 b - 7 bread rations
 g - 5 beef jerkies
 h - 2 slices of pizza


   Skills:
 + Level 4.1 Fighting
 * Level 1.9 Armour
 + Level 5.3 Dodging
 + Level 1.9 Stealth
 + Level 10.2 Unarmed Combat


You had 8 spell levels left.
You didn't know any spells.

Dungeon Overview and Level Annotations

Branches:
Dungeon (7/15)             Temple (0/1) D:5

Altars:
Dithmenos
Fedhas
Okawaru
Vehumet
The Shining One

Shops:
D:5 (


Innate Abilities, Weirdness & Mutations

You are too large for most types of armour.
You have claws for hands.
Your metabolism is lightning-fast.
You like to eat raw meat.
Your natural rate of healing is unusually fast.
You are covered in fur. (AC +1)
You have very tough skin. (AC +2)


Message History

You closely miss the killer bee.
You feel sick. The killer bee barely misses you.
The killer bee closely misses you.
You scratch the killer bee.
The killer bee is moderately wounded.
You feel sick. The killer bee barely misses you.
The killer bee completely misses you. The killer bee closely misses you.
You mangle the killer bee!!
You kill the killer bee!
Trog accepts your kill.
You feel sick. The killer bee barely misses you. The killer bee misses you.
You closely miss the killer bee.
You feel sick. The killer bee completely misses you. The killer bee stings you.
* * * LOW HITPOINT WARNING * * *
It was a potion of cancellation.
Your magical effects are unravelling.
You feel magically purged.
Your magical contamination has completely faded away.
You feel yourself speed up.
You flicker back into view.
You feel sick. The killer bee closely misses you. The killer bee stings you.
You die...

....'...)...#
###
....###[###.####
# #.........
#..##.###.
#...#.###
#.......# #
###[..#.#
#.####..#.#
#..@yo....#
######....#
.......>....#
#.###.......#
#.$...#.#
#.....#.#
#....<# #
#.....# #......


You could see a killer bee and an orc.

Vanquished Creatures
  Prince Ribbit (D:7)
  A hungry ghost (D:7)
  An ice beast (D:6)
  A sky beast (D:7)
  A black bear (D:6)
  4 ogres
  3 centaurs
  A bullfrog (D:6)
  3 scorpions
  5 killer bees (D:7)
  A howler monkey (D:4)
  3 crimson imps (D:5)
  2 centaur zombies (D:5)
  3 hounds
  2 bullfrog skeletons
  2 centaur skeletons
  4 orc priests
  2 orc wizards
  A gnoll shaman (D:7)
  2 iguanas (D:6)
  2 worker ants
  A killer bee zombie (D:5)
  A hound skeleton (D:4)
  5 gnolls
  16 adders
  3 shadow imps
  An adder skeleton (D:5)
  4 worms
  2 dart slugs
  2 leopard geckos
  6 orcs
  10 bats
  5 giant cockroaches
  10 goblins
  3 hobgoblins
  5 jackals
  2 quokkas (D:5)
  5 frilled lizards
  A giant cockroach zombie (D:5)
  A jackal skeleton (D:4)
  7 kobolds
  A quokka zombie (D:7)
  5 rats
141 creatures vanquished.

Vanquished Creatures (others)
  5 plants (D:6)
5 creatures vanquished.

Grand Total: 146 creatures vanquished

Notes
Turn   | Place    | Note
-------+----------+-------------------------------------------
     0 | D:1      | wewlad1 the Troll Berserker began the quest for the Orb.
     0 | D:1      | Reached XP level 1. HP: 22/22 MP: 0/0
   139 | D:1      | Reached XP level 2. HP: 24/29 MP: 1/1
   937 | D:2      | Reached XP level 3. HP: 36/36 MP: 2/2
  1006 | D:2      | Reached ** piety under Trog
  1281 | D:2      | Reached XP level 4. HP: 40/44 MP: 3/3
  1288 | D:2      | Reached skill level 4 in Unarmed Combat
  1705 | D:3      | Found an iron altar of Okawaru.
  1705 | D:3      | Found a radiant altar of Vehumet.
  1713 | D:3      | Found a blossoming altar of Fedhas.
  1825 | D:3      | Reached XP level 5. HP: 50/50 MP: 4/4
  1946 | D:3      | Reached skill level 5 in Unarmed Combat
  1966 | D:3      | Found a glowing golden altar of the Shining One.
  2174 | D:4      | Noticed an ogre
  2180 | D:4      | Killed an ogre
  2180 | D:4      | Reached XP level 6. HP: 51/59 MP: 5/5
  2515 | D:4      | Reached skill level 6 in Unarmed Combat
  2519 | D:4      | Reached *** piety under Trog
  2921 | D:4      | Reached XP level 7. HP: 49/66 MP: 6/6
  3331 | D:5      | Entered Level 5 of the Dungeon
  3358 | D:5      | Reached skill level 7 in Unarmed Combat
  3416 | D:5      | Found a shadowy altar of Dithmenos.
  3506 | D:5      | Reached XP level 8. HP: 58/75 MP: 7/7
  3576 | D:5      | Found a staircase to the Ecumenical Temple.
  3579 | D:5      | Reached skill level 8 in Unarmed Combat
  3651 | D:5      | Found Ytuhoe's Antique Weapon Shoppe.
  3704 | D:5      | Reached skill level 1 in Stealth
  4097 | D:6      | Reached **** piety under Trog
  4185 | D:6      | Reached skill level 9 in Unarmed Combat
  4371 | D:6      | Found a blossoming altar of Fedhas.
  4762 | D:7      | Reached skill level 5 in Dodging
  4790 | D:7      | Noticed Prince Ribbit
  4802 | D:7      | Killed Prince Ribbit
  4802 | D:7      | Reached skill level 1 in Armour
  4802 | D:7      | Reached XP level 9. HP: 83/84 MP: 8/8
  5052 | D:7      | Reached skill level 10 in Unarmed Combat
  5129 | D:7      | HP: 4/84 [poisoned by a killer bee]
  5129 | D:7      | Slain by a killer bee

Skill      XL: |  1  2  3  4  5  6  7  8  9 |
---------------+----------------------------+-----
Dodging        | 3 4 5 |  5.3
Unarmed Combat | 4 5 6 7 9 10 | 10.2
Fighting       | 3 4 |  4.1
Stealth        | 1 |  1.9
Armour         | 1 |  1.9

Action                   |  1- 3 |  4- 6 |  7- 9 || total
-------------------------+-------+-------+-------++-------
Melee: Unarmed           |    81 |   120 |   228 ||   429
       Punch             |     1 |     1 |     9 ||    11
Invok: Berserk           |       |       |     2 ||     2
  Use: Scroll            |       |       |     4 ||     4
       Potion            |       |       |     6 ||     6
 Stab: Sleeping          |       |       |     2 ||     2
  Eat: Chunk             |    17 |    15 |    16 ||    48
       Meat ration       |       |       |     1 ||     1
Armor: Animal skin       |    21 |    34 |    50 ||   105
Dodge: Dodged            |    44 |    61 |   135 ||   240
